 Dungeon Crawl Stone Soup version 0.28.0-53-g5a82cb258f (webtiles) character file.

Game seed: 8547695064465160904

5534 Zeld the Zephyrmancer (level 10, -20/50 HPs)
             Began as a Tengu Air Elementalist on May 28, 2022.
             Was a Believer of Vehumet.
             Demolished by Harold
             ... wielding a +0 glaive
              (25 damage)
             ... on level 9 of the Dungeon.
             The game lasted 00:08:28 (14308 turns).

Zeld the Zephyrmancer (Tengu Air Elementalist)     Turns: 14308, Time: 00:08:28

Health: -20/50     AC:  3    Str:  8    XL:     10   Next: 71%
Magic:  1/25       EV: 15    Int: 19    God:    Vehumet [**....]
Gold:   568        SH:  0    Dex: 16    Spells: 20/30 levels left

rFire   . . .      SeeInvis +   (no weapon)
rCold   . . .      Faith    .   (no shield)
rNeg    . . .      Spirit   .   a - +0 robe
rPois   +          Reflect  .   (helmet restricted)
rElec   .          Harm     .   (no cloak)
rCorr   .          Rampage  .   j - +0 pair of gloves
Will    .....                   (boots unavailable)
Stlth   ++........              (no amulet)
HPRegen 0.16/turn               p - ring of poison resistance
MPRegen 0.19/turn               q - ring of see invisible

@: marked, flying quickly and evasively, quick
A: beak, talons 3, nimble flight
a: Renounce Religion


You were on level 9 of the Dungeon.
You worshipped Vehumet.
Vehumet was pleased with you.
You visited 2 branches of the dungeon, and saw 10 of its levels.

You collected 568 gold pieces.

Inventory:

Armour
 a - a +0 robe (worn)
 j - a +0 pair of gloves (worn)
Jewellery
 p - a ring of poison resistance (left hand)
 q - a ring of see invisible (right hand)
 w - a ring of protection from fire
 C - the ring "Beck" {Fly rElec rF+ Str-3 Int+6}
   (You found it on level 8 of the Dungeon)

   [ring of intelligence]

   Str:       It affects your strength (-3).
   Int:       It affects your intelligence (+6).
   rF:        It protects you from fire.
   rElec:     It insulates you from electricity.
   Fly:       It grants you flight.
Wands
 s - a wand of polymorph (18)
 u - a wand of acid (3)
Scrolls
 b - 5 scrolls of fear {unknown}
 e - a scroll of noise {unknown}
 h - 2 scrolls of teleportation {unknown}
 k - 3 scrolls of enchant weapon {unknown}
 n - 2 scrolls of identify {unknown}
 r - a scroll of immolation {unknown}
 x - a scroll of magic mapping {unknown}
 y - a scroll of blinking {unknown}
 A - a scroll of silence {unknown}
 B - a scroll of vulnerability {unknown}
Potions
 c - a potion of brilliance {unknown}
 d - 2 potions of heal wounds
 f - a potion of invisibility {unknown}
 g - a potion of degeneration {unknown}
 i - a potion of attraction {unknown}
 l - 3 potions of curing {unknown}
 m - a potion of cancellation {unknown}
 o - a potion of berserk rage {unknown}
 t - a potion of might {unknown}
 v - a potion of mutation {unknown}
 z - a potion of resistance {unknown}
 D - a potion of lignification {unknown}


   Skills:
 - Level 2.1 Dodging
 - Level 2.0 Stealth
 * Level 10.8 Spellcasting
 - Level 8.0 Conjurations
 - Level 12.0 Air Magic


You had 20 spell levels left.
You knew the following spells:

 Your Spells              Type           Power      Damage    Failure   Level
a - Shock                 Conj/Air       100%       1d9       1%          1
b - Static Discharge      Conj/Air       48%        N/A       1%          2
c - Swiftness             Air            54%        N/A       1%          3
d - Airstrike             Air            27%        N/A       1%          4

Your spell library contained the following spells:

 Spells                   Type           Power      Damage    Failure   Level
 Poisonous Vapours        Pois/Air       66%        N/A       1%          2
 Animate Skeleton         Necr           20%        N/A       7%          1
 Beastly Appendage        Tmut           20%        N/A       7%          1
 Pain                     Necr           40%        1d6       7%          1
 Ensorcelled Hibernation  Hex/Ice        20%        N/A       11%         2
 Passwall                 Tmut/Erth      8%         N/A       11%         2
 Wereblood                Tmut           10%        N/A       11%         2
 Hailstorm                Conj/Ice       25%        3d7       13%         4
 Ozocubu's Armour         Ice            10%        N/A       21%         3
 Spider Form              Tmut/Pois      10%        N/A       21%         3
 Vampiric Draining        Necr           10%        2d6       21%         3
 Ice Form                 Ice/Tmut       10%        N/A       56%         4
 Metabolic Englaciation   Hex/Ice        5%         N/A       88%         5
 Simulacrum               Ice/Necr       5%         N/A       100%        6


Dungeon Overview and Level Annotations

Branches:
Dungeon (9/15)             Temple (1/1) D:6
   Lair: D:8-11         Orc: D:9-12

Altars:
Ashenzari
Cheibriados
Dithmenos
Elyvilon
Fedhas
Gozag
Hepliaklqana
Makhleb
Nemelex Xobeh
Okawaru
Qazlal
Ru
Sif Muna
Trog
Uskayaw
Vehumet
Xom
Yredelemnul
Zin
The Shining One

Shops:
D:6 *

Annotations:
D:9 Harold


Innate Abilities, Weirdness & Mutations

You have a beak for a mouth.
You have claws for feet.
Your magical nature lets you fly swiftly and evasively.


Message History

Casting: Airstrike (dangerous; 1% risk of failure)
Confirm with . or Enter, or press ? or * to list all spells.
Aiming: Airstrike (dangerous; 1% risk of failure)
Press: ? - help, Dir - move target, f/p - Harold
Aim: Harold, wielding a +0 glaive, wearing a +2 ring mail of positive energy, wearing a +4 ring of protection and quivering 2 throwing nets (heavily wounded, empty space bonus: 8/8)
The air twists around and strikes Harold!
Harold is heavily wounded.
Casting: Airstrike (dangerous; 1% risk of failure)
Confirm with . or Enter, or press ? or * to list all spells.
Aiming: Airstrike (dangerous; 1% risk of failure)
Press: ? - help, Dir - move target, f/p - Harold
Aim: Harold, wielding a +0 glaive, wearing a +2 ring mail of positive energy, wearing a +4 ring of protection and quivering 2 throwing nets (heavily wounded, empty space bonus: 8/8)
The air twists around and strikes Harold!!
Harold is severely wounded.
Harold closely misses you. Harold fires a harpoon shot at you.
The harpoon shot misses you.
Casting: Airstrike (dangerous; 1% risk of failure)
Confirm with . or Enter, or press ? or * to list all spells.
Aiming: Shock (safe; 1% risk of failure)
Press: ? - help, Shift-Dir - straight line, f/p - Harold
Aim: Harold, wielding a +0 glaive, wearing a +2 ring mail of positive energy, wearing a +4 ring of protection and quivering 2 throwing nets (severely wounded, 84% to hit)
The zap hits Harold.
Harold is severely wounded.
Harold fires a harpoon shot at you. The harpoon shot hits you!
* * * LOW HITPOINT WARNING * * *
You are yanked forward by the harpoon shot.
Casting: Shock (safe; 1% risk of failure)
Confirm with . or Enter, or press ? or * to list all spells.
Aiming: Shock (safe; 1% risk of failure)
Press: ? - help, Shift-Dir - straight line, f/p - Harold
Aim: Harold, wielding a +0 glaive, wearing a +2 ring mail of positive energy, wearing a +4 ring of protection and quivering 2 throwing nets (black smoke, severely wounded, 84% to hit)
The zap hits Harold.
Harold is almost dead.
Harold casts a spell at you. The mark upon you grows brighter.
Harold hits you from afar with a +0 glaive!!
Ouch! That really hurt!
You die...

# #####.#######
............#####
..###.####...(..#
......§..§§§..#.##
##.≈§§§§@§.....#
#..(≈§§§§≈.#..#
#.8§.@._§§)#..#
#..§≈§§§≈§.#..#
#.≈§§§§§≈.....#
#.............#
#..#######.#### ...#
##.##.#
...####...#.########.


You could see Harold.

Vanquished Creatures
  A two-headed ogre (D:9)
  Psyche (D:8)
  A hornet (D:9)
  Sigmund (D:5)
  A wraith (D:8)
  6 yaks
  A steam dragon (D:9)
  Menkaure (D:4)
  An acid dragon (D:8)
  A sky beast (D:7)
  A black bear (D:6)
  A necrophage (D:5)
  5 ogres
  3 wolves (D:9)
  A centaur (D:7)
  A phantom (D:4)
  Blork the orc (D:5)
  A scorpion (D:4)
  2 bullfrogs
  A wyvern skeleton (D:7)
  6 killer bees (D:8)
  9 wights
  An electric eel (D:9)
  A crimson imp (D:3)
  A centaur zombie (D:6)
  2 bullfrog zombies
  2 jellies
  7 hounds
  3 orc priests
  A centaur skeleton (D:7)
  2 bullfrog skeletons (D:7)
  3 iguanas
  Natasha (thrice) (D:3)
  Ijyb (D:5)
  An orc wizard (D:8)
  2 killer bee zombies
  A howler monkey zombie (D:9)
  2 adders
  A white imp (D:3)
  2 worms
  2 dart slugs
  11 orcs
  5 ball pythons
  5 bats
  4 endoplasms
  4 giant cockroaches
  7 goblins
  9 hobgoblins
  2 jackals (D:2)
  9 kobolds
  5 quokkas
  2 frilled lizards (D:1)
148 creatures vanquished.

Vanquished Creatures (others)
  A scorpion (D:3)
  A worm (D:3)
  2 orcs (D:3)
  A ball python (D:3)
  An endoplasm (D:3)
  A hobgoblin (D:3)
  A jackal (D:3)
  A quokka (D:3)
  A bat (D:3)
  A frilled lizard (D:3)
  2 kobolds (D:3)
  A rat (D:3)
14 creatures vanquished.

Grand Total: 162 creatures vanquished

Notes
Turn   | Place    | Note
-------+----------+-------------------------------------------
     0 | D:1      | Zeld the Tengu Air Elementalist began the quest for the
                  | Orb.
     0 | D:1      | Reached XP level 1. HP: 10/10 MP: 4/4
   504 | D:1      | Reached XP level 2. HP: 15/15 MP: 3/6
   586 | D:1      | Learned a level 2 spell: Static Discharge
  1271 | D:2      | Reached XP level 3. HP: 13/19 MP: 4/7
  1275 | D:2      | Learned a level 3 spell: Swiftness
  2283 | D:2      | Reached skill level 5 in Air Magic
  2627 | D:3      | Killed a scorpion
  2642 | D:3      | Reached XP level 4. HP: 18/24 MP: 2/9
  3173 | D:3      | Found a burning altar of Makhleb.
  3174 | D:3      | Found a radiant altar of Vehumet.
  3183 | D:3      | Became a worshipper of Vehumet
  3331 | D:3      | Noticed Natasha
  3337 | D:3      | Killed Natasha
  3338 | D:3      | Gained mutation: Your magical nature lets you fly swiftly
                  | and evasively. [Tengu growth]
  3338 | D:3      | Reached XP level 5. HP: 10/28 MP: 3/11
  3343 | D:3      | Learned a level 4 spell: Airstrike
  4022 | D:3      | Found a shimmering altar of Xom.
  4156 | D:3      | Noticed Natasha
  4157 | D:3      | Killed Natasha
  4220 | D:3      | Noticed Natasha
  4225 | D:3      | Killed Natasha
  4226 | D:3      | Reached skill level 6 in Air Magic
  4468 | D:3      | Found a burning altar of Makhleb.
  4469 | D:3      | Found a radiant altar of Vehumet.
  4748 | D:3      | Found a shimmering altar of Xom.
  5292 | D:4      | Reached XP level 6. HP: 32/32 MP: 12/12
  5321 | D:4      | Noticed Menkaure
  5336 | D:4      | Killed Menkaure
  5716 | D:4      | Reached skill level 7 in Air Magic
  5716 | D:4      | Reached XP level 7. HP: 36/36 MP: 5/14
  6037 | D:5      | Entered Level 5 of the Dungeon
  6395 | D:5      | Noticed Blork the orc
  6404 | D:5      | Killed Blork the orc
  6514 | D:5      | Reached skill level 5 in Spellcasting
  6688 | D:5      | Reached * piety under Vehumet
  6688 | D:5      | Offered knowledge of Foxfire by Vehumet.
  6689 | D:5      | Reached skill level 5 in Conjurations
  6689 | D:5      | Reached skill level 8 in Air Magic
  6803 | D:5      | Reached XP level 8. HP: 29/41 MP: 7/17
  7121 | D:5      | Noticed Sigmund
  7123 | D:5      | Killed Sigmund
  7279 | D:5      | Noticed Ijyb
  7281 | D:5      | Killed Ijyb
  7282 | D:5      | Reached skill level 9 in Air Magic
  7333 | D:5      | Found a white marble altar of Elyvilon.
  7562 | D:6      | Found a basalt altar of Yredelemnul.
  8305 | D:6      | Found Fyowkuar's Overcharged Wands.
  8429 | D:6      | Found a staircase to the Ecumenical Temple.
  8440 | Temple   | Entered the Ecumenical Temple
  8768 | D:6      | Reached skill level 10 in Air Magic
  8768 | D:6      | Reached XP level 9. HP: 45/45 MP: 2/20
  9691 | D:7      | Found a shadowy altar of Dithmenos.
  9693 | D:7      | Found a hazy altar of Hepliaklqana.
 10467 | D:7      | Reached skill level 11 in Air Magic
 11064 | D:8      | Offered knowledge of Poisonous Vapours by Vehumet.
 11167 | D:8      | Reached ** piety under Vehumet
 12038 | D:7      | Reached skill level 12 in Air Magic
 12038 | D:7      | Reached XP level 10. HP: 26/50 MP: 16/23
 12634 | D:8      | Identified the ring "Beck" {Fly rElec rF+ Str-3 Int+6}
 12647 | D:8      | Noticed Psyche
 12652 | D:8      | Killed Psyche
 13727 | D:9      | Reached skill level 10 in Spellcasting
 14135 | D:9      | Found a shimmering blue altar of Sif Muna.
 14136 | D:9      | Noticed a two-headed ogre
 14158 | D:9      | Killed a two-headed ogre
 14289 | D:9      | Noticed Harold
 14308 | D:9      | Demolished by Harold

Illustrated notes

Levels and vault maps discovered:
D:1:      shiori_shiawase, layout_loops_ring, minmay_split_cup_large
D:2:      layout_loops_ring
D:3:      layout_basic, grunt_temple_overflow_lords_of_destruction,
          xom_confusion_cloud, minmay_misc_feat_nine_boxes, uniq_natasha
D:4:      layout_gridville, uniq_menkaure
D:5:      layout_basic, elyvilon_altar_3, uniq_blork_the_orc, uniq_sigmund,
          uniq_ijyb
D:6:      layout_basic, amcnicky_altar_gilded, minmay_temple_entry_glass,
          minmay_misc_feat_rows, nrook_loot_triangle,
          nicolae_shop_overcharged_wands
D:7:      layout_layer_cave, riverfiend_overflow_shadow_ancestor
D:8:      layout_basic, nicolae_benzene_ring, uniq_psyche
D:9:      layout_loops_corners, pdpol_wu_jian_five_deadly_venoms,
          mainiacjoe_overflow_catwalk, erik_lair_island, hangedman_misty_isle,
          uniq_harold
Temple:   nicolae_temple_hex_pool

Skill      XL: |  1  2  3  4  5  6  7  8  9 10 |
---------------+-------------------------------+-----
Conjurations   | 2 3 4 5 6 8 |  8.0
Air Magic      | 5 6 7 8 10 12 | 12.0
Spellcasting   | 3 4 5 6 8 10 | 10.8
Dodging        | |  2.1
Stealth        | |  2.0

Action                   |  1- 3 |  4- 6 |  7- 9 | 10-12 || total
-------------------------+-------+-------+-------+-------++-------
Melee: Unarmed           |    34 |    16 |     8 |     9 ||    67
       Kick              |     7 |     4 |     3 |     5 ||    19
       Peck              |     7 |     3 |     1 |     3 ||    14
       Punch             |       |       |     1 |       ||     1
 Cast: Shock             |    12 |    12 |    27 |    14 ||    65
       Static Discharge  |    27 |    26 |    13 |       ||    66
       Airstrike         |       |     8 |   106 |    48 ||   162
       Swiftness         |       |     1 |       |     1 ||     2
  Use: Potion            |       |       |     3 |       ||     3
 Stab: Sleeping          |     2 |     1 |       |       ||     3
Armor: Robe              |    15 |     5 |     7 |     3 ||    30
Dodge: Dodged            |    37 |    24 |    37 |    19 ||   117
